 Dungeon Crawl Stone Soup version 0.29-a0-352-g0917bc69df (webtiles) character file.

Game seed: 16672155191582162413

681 quokkamancerX the Basher (level 7, -22/62 HPs)
             Began as a Naga Berserker on Apr 24, 2022.
             Was a Believer of Trog.
             Killed from afar by an acid dragon (24 damage)
             ... with a splash of acid
             ... on level 5 of the Dungeon.
             The game lasted 00:20:34 (4682 turns).

quokkamancerX the Basher (Naga Berserker)           Turns: 4682, Time: 00:20:36

Health: -22/62     AC:  4    Str: 21    XL:     7   Next: 61%
Magic:  7/7        EV:  8    Int:  7    God:    Trog [**....]
Gold:   176        SH:  5    Dex: 11    Spells: 6/6 levels left

rFire   + + .      SeeInvis +   v - +0 flail
rCold   . . .      Faith    .   (no shield)
rNeg    . . .      Spirit   .   u - +2 scale mail {rF+}
rPois   +          Reflect  +   (no helmet)
rElec   .          Harm     .   a - +0 cloak
rCorr   .          Rampage  .   (no gloves)
Will    +....                   (no barding)
Stlth   ..........              t - amulet of reflection
HPRegen 0.20/turn               p - ring of willpower
MPRegen 0.10/turn               d - ring of protection from fire

@: corroded, on berserk cooldown, slowed, very slow
A: AC +2, large, see invisible, deformed body, poison resistance, slowness 2,
spit poison 1, naga tail 1
a: Spit Poison, Renounce Religion, Berserk, Trog's Hand


You were on level 5 of the Dungeon.
You worshipped Trog.
Trog was pleased with you.
You visited 1 branch of the dungeon, and saw 6 of its levels.

You collected 246 gold pieces.
You spent 70 gold pieces at shops.

Inventory:

Hand Weapons
 v - a +0 flail (weapon)
Missiles
 e - 4 curare-tipped darts
 q - 6 silver javelins
Armour
 a - a +0 cloak (worn)
 u - a +2 scale mail of fire resistance (worn)
Jewellery
 d - a ring of protection from fire (right hand)
 p - a ring of willpower (left hand)
 t - an amulet of reflection (around neck)
Wands
 y - a wand of flame (28)
 A - a wand of digging (5)
 B - a wand of paralysis (3)
Scrolls
 b - a scroll of enchant weapon {unknown}
 c - 2 scrolls of magic mapping {unknown}
 f - 6 scrolls of teleportation
 i - a scroll of brand weapon {unknown}
 j - a scroll of fog {unknown}
 m - a scroll of summoning {unknown}
 r - 5 scrolls of identify
 s - a scroll of noise {unknown}
 w - a scroll of holy word {unknown}
Potions
 g - 3 potions of attraction {unknown}
 h - a potion of cancellation {unknown}
 k - 3 potions of curing {unknown}
 l - 2 potions of heal wounds {unknown}
 n - 2 potions of mutation {unknown}
 o - 2 potions of haste {unknown}
 x - a potion of invisibility {unknown}
 z - a potion of brilliance {unknown}


   Skills:
 - Level 3.0 Fighting
 + Level 8.7 Maces & Flails
 - Level 1.5 Armour
 - Level 1.5 Dodging


You had 6 spell levels left.
You didn't know any spells.
Your spell library was empty.

Dungeon Overview and Level Annotations

Branches:
Dungeon (6/15)
 Temple: D:4-7

Altars:

Shops:
D:1 =   D:4 **((


Innate Abilities, Weirdness & Mutations

Your serpentine skin is tough. (AC +2)
You have supernaturally acute eyesight. (SInv)
Armour fits poorly on your strangely shaped body.
Your system is resistant to poisons. (rPois)
You cover ground very slowly.
You can spit poison.
You have a snake-like lower body.


Message History

An orc priest comes into view. It is wielding a +0 dagger.
You feel a strong urge to attack something.
The orc priest shouts!
You see here a scroll of identify.
You are no longer berserk.
You are exhausted.
You feel yourself slow down.
Items here: )) [ ††.
The orc priest attacks as you move away!
The orc priest barely misses you. You block the orc priest's attack.
Things that are here:
a +0 whip; a +0 flail; a gnoll corpse You hit the orc priest but do no damage.
The orc priest invokes the aid of Beogh against you.
Beogh smites you!
* * * LOW HITPOINT WARNING * * *
You hit the orc priest but do no damage.
The orc priest barely misses you.
The orc priest hits you but does no damage.
You sock the orc priest!
The orc priest is almost dead.
The orc priest mumbles some strange prayers to Beogh against you.
You easily resist.
You hit the orc priest.
You kill the orc priest!
Trog accepts your kill.
Items here: ))) [[ †††.
r - 5 scrolls of identify (gained 1)
Items here: ))) [[ †††.
Things that are here:
a +0 whip; a +0 flail; a gnoll corpse You see here a +0 spear.
An acid dragon comes into view.
The acid dragon spits acid at you. The splash of acid hits you!!
* * * LOW HITPOINT WARNING * * *
The acid corrodes you! The acid dragon spits acid at you.
The splash of acid hits you!!
You die...

#..........##
............#
...D........#
............#
#..........#
...#..<.##
#####<.###
##...#....##
##.......@..##
#........÷...#
#.........)..#
#............#
##..........##
##...##...##
#### ##.##
###)#####...
#..)).....#


You could see an acid dragon (catching breath).

Vanquished Creatures
  Sigmund (D:3)
  2 ogres
  A bullfrog (D:6)
  A scorpion (D:5)
  An orc priest (D:5)
  6 adders
  3 gnolls (D:5)
  2 ufetubi
  3 dart slugs
  5 orcs
  10 endoplasms
  4 giant cockroaches
  7 goblins
  5 hobgoblins
  5 quokkas
  6 ball pythons
  7 bats
  4 frilled lizards
  8 kobolds
  6 rats
87 creatures vanquished.

Vanquished Creatures (others)
  A plant (D:5)
1 creature vanquished.

Grand Total: 88 creatures vanquished

Notes
Turn   | Place    | Note
-------+----------+-------------------------------------------
     0 | D:1      | quokkamancerX the Naga Berserker began the quest for the
                  | Orb.
     0 | D:1      | Reached XP level 1. HP: 21/21 MP: 1/1
   313 | D:1      | Reached XP level 2. HP: 28/28 MP: 2/2
   614 | D:1      | Found a faded altar of an unknown god.
   709 | D:1      | Reached skill level 4 in Maces & Flails
   748 | D:1      | Found Samm's Jewellery Shop.
   796 | D:1      | Reached XP level 3. HP: 31/34 MP: 3/3
  1404 | D:2      | Reached ** piety under Trog
  2102 | D:3      | You fall into a shaft and drop 3 floors!
  2121 | D:6      | Noticed an ogre
  2129 | D:6      | Killed an ogre
  2130 | D:6      | Reached skill level 5 in Maces & Flails
  2130 | D:6      | Reached XP level 4. HP: 42/42 MP: 4/4
  2130 | D:6      | Reached XP level 5. HP: 49/49 MP: 5/5
  2191 | D:6      | Noticed an ogre
  2195 | D:6      | Reached skill level 6 in Maces & Flails
  2198 | D:5      | Entered Level 5 of the Dungeon
  2255 | D:5      | Reached XP level 6. HP: 51/56 MP: 6/6
  2511 | D:3      | Reached skill level 7 in Maces & Flails
  3330 | D:3      | Noticed Sigmund
  3341 | D:3      | Killed Sigmund
  3342 | D:3      | Reached skill level 8 in Maces & Flails
  3342 | D:3      | Reached XP level 7. HP: 41/62 MP: 7/7
  4297 | D:4      | Found Difruz's General Store.
  4299 | D:4      | Found Tukuask's General Store.
  4301 | D:4      | Found Diloared's Antique Weapon Emporium.
  4302 | D:4      | Found Titon's Weapon Emporium.
  4326 | D:4      | Bought a wand of paralysis (3) for 50 gold pieces
  4326 | D:4      | Bought a scroll of identify for 20 gold pieces
  4682 | D:5      | HP: 2/62 [acid dragon/splash of acid (21)]
  4682 | D:5      | Killed from afar by an acid dragon

Illustrated notes

Levels and vault maps discovered:
D:1:      shiori_shiawase, layout_basic, chequers_ecumenical_altar_grove,
          serial_shops, shop
D:2:      layout_loops_cross
D:3:      minmay_diamond_boxcup, layout_basic, minmay_randomly_rotated_circles,
          uniq_sigmund
D:4:      layout_gridville, minmay_shop_grid_forest
D:5:      layout_rooms, minmay_temple_entry_gardened_gates,
          eino_small_chamber_without_monster
D:6:      layout_cave_pools, mainiacjoe_overflow_boulevard,
          chequers_temple_overflow_statue_of_worship

Skill      XL: |  1  2  3  4  5  6 |
---------------+-------------------+-----
Maces & Flails | 4 5 6 8 |  8.7
Fighting       | |  3.0
Armour         | |  1.5
Dodging        | |  1.5

Action                   |  1- 3 |  4- 6 |  7- 9 || total
-------------------------+-------+-------+-------++-------
Melee: Mace              |    92 |    51 |       ||   143
       Flail             |       |    57 |    50 ||   107
       Punch             |       |     1 |       ||     1
Invok: Berserk           |     1 |     4 |     1 ||     6
 Abil: Spit Poison       |     5 |     2 |       ||     7
  Use: Scroll            |       |       |     1 ||     1
Armor: Animal skin       |     3 |       |       ||     3
       Ring mail         |    22 |    10 |       ||    32
       Scale mail        |       |    51 |    22 ||    73
Dodge: Dodged            |    47 |    59 |    20 ||   126
Block: Other             |       |    32 |    12 ||    44

Table legend: (Time is in decaauts)
 A = Elapsed time spent in this place.
 B = Non-inter-level travel time spent in this place.
 C = Inter-level travel time spent in this place.
 D = Time resting spent in this place.
 E = Time spent auto-exploring this place.
 F = Levels seen in this place.
 G = Mean time per level.
                   A        B        C        D        E       F      G
               +--------+--------+--------+--------+--------+-----+--------+
         Total |   6081 |   5721 |    360 |    866 |   1588 |   6 | 1013.5 |
       Dungeon |   6081 |   5721 |    360 |    866 |   1588 |   6 | 1013.5 |
               +--------+--------+--------+--------+--------+-----+--------+

Top non-repeatable levels by time:
     D:1: 1846 daAuts
     D:3: 1682 daAuts
     D:4: 1320 daAuts
     D:2: 943 daAuts
     D:5: 177 daAuts
     D:6: 111 daAuts
